2597 views
Uploaded 2021-08-08 19:14:09
Game version 1.32.10
18:33 long 4on4 ladder game on (8)Deadlock_LV
Saved by AskeLange
2597 views
Uploaded 2021-08-08 19:14:09
Game version 1.32.10
18:33 long 4on4 ladder game on (8)Deadlock_LV


130 units @ 15.5k
/ 1.9k
56 buildings @ 9.6k
/ 4k



| Rod of Necromancy | 1 | 150 |
| Orb of Corruption | 1 | 375 |
| total: | 2 | 525g |
| Acolyte | 12 | 900 | / | 0 |
| Ghoul | 3 | 360 | / | 0 |
| Crypt Fiend | 7 | 1505 | / | 280 |
| Obsidian Statue | 2 | 400 | / | 70 |
| Frost Wyrm | 4 | 1540 | / | 480 |
| total: | 28 | 4705g | / | 830w |
| Nerubian Tower | 1 | 100 | / | 20 |
| Graveyard | 1 | 215 | / | 0 |
| Crypt | 1 | 200 | / | 50 |
| Altar of Darkness | 1 | 180 | / | 50 |
| Ziggurat | 7 | 1050 | / | 350 |
| Tomb of Relics | 2 | 260 | / | 60 |
| Slaughterhouse | 1 | 140 | / | 135 |
| Boneyard | 2 | 350 | / | 400 |
| Halls of the Dead | 1 | 320 | / | 210 |
| Black Citadel | 1 | 325 | / | 230 |
| total: | 15 | 2395g | / | 1045w |
| 0:03 | Acolyte |
| 0:05 | Graveyard |
| 0:07 | Crypt |
| 0:18 | Altar of Darkness |
| 0:28 | Acolyte |
| 1:03 | Ziggurat |
| 1:08 | Ghoul |
| 1:13 | Tomb of Relics |
| 1:19 | Tomb of Relics |
| 1:53 | Crypt Fiend |
| 1:56 | Ziggurat |
| 2:01 | Nerubian Tower |
| 2:22 | Crypt Fiend |
| 2:49 | Death Coil |
| 2:50 | Rod of Necromancy |
| 3:02 | Crypt Fiend |
| 3:20 | Crypt Fiend |
| 3:50 | Halls of the Dead |
| 4:13 | Unholy Aura |
| 4:17 | Ghoul |
| 4:19 | Ziggurat |
| 5:05 | Ghoul |
| 5:07 | Creature Attack |
| 5:09 | Death Coil |
| 5:35 | Crypt Fiend |
| 5:37 | Ziggurat |
| 6:12 | Black Citadel |
| 6:44 | Burrow |
| 6:48 | Slaughterhouse |
| 7:08 | Improved Creature Attack |
| 7:47 | Frost Nova |
| 8:02 | Obsidian Statue |
| 8:03 | Obsidian Statue |
| 8:08 | Crypt Fiend |
| 8:11 | Crypt Fiend |
| 10:01 | Orb of Corruption |
| 10:03 | Impale |
| 10:09 | Boneyard |
| 10:17 | Web |
| 10:38 | Acolyte |
| 10:39 | Acolyte |
| 10:39 | Acolyte |
| 10:39 | Acolyte |
| 10:39 | Acolyte |
| 11:52 | Ziggurat |
| 11:55 | Boneyard |
| 12:45 | Frost Wyrm |
| 13:11 | Frost Wyrm |
| 14:09 | Unholy Aura |
| 14:28 | Frost Wyrm |
| 14:31 | Ziggurat |
| 14:32 | Ziggurat |
| 14:33 | Advanced Creature Attack |
| 15:49 | Frost Wyrm |
| 16:22 | Acolyte |
| 16:22 | Acolyte |
| 16:22 | Acolyte |
| 16:22 | Acolyte |
| 16:22 | Acolyte |
| Select group | 1884 |
| Right click | 1348 |
| Chat | 586 |
| Select | 434 |
| Build/train/purchase | 64 |
| Assign group | 35 |
| Use ability | 31 |
| Misc. action | 18 |
| Minimap ping | 3 |
| Esc | 1 |



| Healing Salve | 3 | 300 |
| Lesser Clarity Potion | 3 | 210 |
| Scroll of Speed | 2 | 100 |
| Orb of Lightning | 3 | 1125 |
| Scroll of Town Portal | 4 | 1400 |
| total: | 15 | 3135g |
| Peon | 11 | 825 | / | 0 |
| Grunt | 3 | 600 | / | 0 |
| Kodo Beast | 1 | 255 | / | 60 |
| Troll Batrider | 7 | 1120 | / | 280 |
| total: | 22 | 2800g | / | 340w |
| Orc Burrow | 5 | 800 | / | 200 |
| Altar of Storms | 1 | 180 | / | 50 |
| Voodoo Lounge | 1 | 130 | / | 30 |
| Barracks | 1 | 180 | / | 50 |
| War Mill | 1 | 205 | / | 0 |
| Beastiary | 1 | 145 | / | 140 |
| Stronghold | 1 | 315 | / | 190 |
| Fortress | 1 | 325 | / | 190 |
| Tree of Life | 1 | 340 | / | 185 |
| Moon Well | 1 | 180 | / | 40 |
| total: | 12 | 2160g | / | 695w |
| 0:03 | Peon |
| 0:03 | Peon |
| 0:22 | Orc Burrow |
| 0:33 | Peon |
| 0:38 | Altar of Storms |
| 0:54 | Peon |
| 0:54 | Peon |
| 1:16 | Voodoo Lounge |
| 1:28 | Peon |
| 1:47 | Barracks |
| 1:50 | Peon |
| 2:02 | Peon |
| 2:07 | Orc Burrow |
| 2:16 | Peon |
| 2:20 | Peon |
| 2:28 | Peon |
| 2:38 | Feral Spirit |
| 3:03 | Grunt |
| 3:14 | Stronghold |
| 3:36 | Grunt |
| 4:01 | Grunt |
| 4:23 | War Mill |
| 4:35 | Orc Burrow |
| 5:18 | Chain Lighting |
| 6:08 | Healing Salve |
| 6:09 | Lesser Clarity Potion |
| 6:16 | Fortress |
| 6:17 | Reinforced Defenses |
| 6:23 | Beastiary |
| 6:31 | Scroll of Town Portal |
| 6:31 | Scroll of Speed |
| 7:20 | Orc Burrow |
| 8:10 | Healing Salve |
| 8:11 | Lesser Clarity Potion |
| 8:15 | Serpent Ward |
| 8:27 | Scroll of Speed |
| 8:27 | Scroll of Town Portal |
| 8:39 | War Drums Damage Increase |
| 8:42 | Pillage |
| 10:04 | Kodo Beast |
| 10:17 | Orb of Lightning |
| 10:21 | Shockwave |
| 11:50 | Healing Salve |
| 11:57 | Scroll of Town Portal |
| 12:00 | Troll Batrider |
| 12:00 | Troll Batrider |
| 12:19 | Orb of Lightning |
| 12:19 | Orb of Lightning |
| 13:11 | Liquid Fire |
| 13:14 | Steel Armor |
| 13:15 | Steel Ranged Weapons |
| 14:34 | Troll Batrider |
| 14:34 | Troll Batrider |
| 15:27 | Lesser Clarity Potion |
| 15:30 | Scroll of Town Portal |
| 15:43 | Troll Batrider |
| 15:43 | Troll Batrider |
| 15:44 | Troll Batrider |
| 15:59 | Orc Burrow |
| 16:25 | Tree of Life |
| 16:27 | Moon Well |
| 17:00 | Feral Spirit |
| Right click | 617 |
| Select | 212 |
| Build/train/purchase | 78 |
| Resource trade | 47 |
| Use ability | 30 |
| Select group | 9 |
| Assign group | 5 |
| Chat | 4 |
| Minimap ping | 2 |
| Item give/drop | 1 |
| Remove unit | 1 |


| Potion of Healing | 2 | 300 |
| Staff of Preservation | 2 | 300 |
| Scroll of Town Portal | 1 | 350 |
| Staff of Teleportation | 1 | 150 |
| Potion of Lesser Invulnerability | 1 | 150 |
| total: | 7 | 1250g |
| Wisp | 15 | 900 | / | 0 |
| Archer | 24 | 3120 | / | 240 |
| Hippogryph | 7 | 1120 | / | 140 |
| total: | 46 | 5140g | / | 380w |
| Ancient Protector | 2 | 270 | / | 160 |
| Altar of Elders | 1 | 180 | / | 50 |
| Moon Well | 4 | 720 | / | 160 |
| Ancient of War | 1 | 150 | / | 60 |
| Hunter's Hall | 1 | 210 | / | 100 |
| Ancient of Wonders | 1 | 90 | / | 30 |
| Tree of Life | 1 | 340 | / | 185 |
| Ancient of Wind | 2 | 300 | / | 280 |
| Tree of Ages | 1 | 320 | / | 180 |
| total: | 13 | 2260g | / | 1025w |
| 0:02 | Wisp |
| 0:02 | Wisp |
| 0:02 | Wisp |
| 0:13 | Altar of Elders |
| 0:20 | Moon Well |
| 0:34 | Ancient of War |
| 0:39 | Wisp |
| 0:39 | Wisp |
| 1:14 | Wisp |
| 1:14 | Wisp |
| 1:14 | Wisp |
| 1:26 | Moon Well |
| 1:35 | Archer |
| 1:48 | Archer |
| 2:13 | Moon Well |
| 2:15 | Archer |
| 2:17 | Wisp |
| 2:33 | Archer |
| 2:34 | Wisp |
| 2:51 | Mana Burn |
| 3:19 | Hunter's Hall |
| 3:20 | Archer |
| 3:32 | Archer |
| 4:05 | Ancient of Wonders |
| 4:11 | Evasion |
| 4:24 | Ancient Protector |
| 4:27 | Tree of Ages |
| 4:46 | Strength of the Moon |
| 5:27 | Archer |
| 5:27 | Archer |
| 5:30 | Ancient Protector |
| 6:08 | Archer |
| 6:09 | Moon Armor |
| 6:22 | Archer |
| 7:11 | Archer |
| 7:19 | Ancient of Wind |
| 7:42 | Archer |
| 7:45 | Ancient of Wind |
| 7:46 | Wisp |
| 7:46 | Wisp |
| 8:16 | Mana Burn |
| 8:28 | Potion of Healing |
| 8:28 | Potion of Healing |
| 8:29 | Staff of Preservation |
| 9:03 | Moon Well |
| 9:08 | Hippogryph |
| 9:40 | Hippogryph |
| 10:16 | Staff of Teleportation |
| 10:28 | Potion of Lesser Invulnerability |
| 10:33 | Hippogryph |
| 10:48 | Entangling Roots |
| 12:00 | Archer |
| 12:00 | Archer |
| 12:01 | Hippogryph |
| 12:17 | Scroll of Town Portal |
| 12:49 | Staff of Preservation |
| 13:10 | Archer |
| 13:20 | Tree of Life |
| 13:40 | Archer |
| 15:04 | Hippogryph |
| 15:07 | Archer |
| 15:16 | Wisp |
| 15:22 | Wisp |
| 15:22 | Wisp |
| 16:09 | Force of Nature |
| 16:41 | Archer |
| 16:41 | Archer |
| 16:41 | Archer |
| 16:42 | Hippogryph |
| 17:12 | Archer |
| 17:13 | Hippogryph |
| 17:25 | Archer |
| 17:50 | Archer |
| 17:50 | Archer |
| Right click | 677 |
| Select | 268 |
| Build/train/purchase | 71 |
| Chat | 68 |
| Use ability | 32 |
| Select group | 7 |
| Assign group | 6 |
| Item give/drop | 6 |
| Minimap ping | 5 |
| Remove unit | 1 |


| Orb of Venom | 1 | 325 |
| Potion of Healing | 1 | 150 |
| Scroll of Town Portal | 2 | 700 |
| Scroll of Healing | 2 | 500 |
| Dust of Appearance | 1 | 75 |
| Rod of Necromancy | 1 | 150 |
| total: | 8 | 1900g |
| Wisp | 24 | 1440 | / | 0 |
| Archer | 5 | 650 | / | 50 |
| Dryad | 5 | 725 | / | 300 |
| total: | 34 | 2815g | / | 350w |
| Ancient Protector | 3 | 405 | / | 240 |
| Altar of Elders | 1 | 180 | / | 50 |
| Moon Well | 5 | 900 | / | 200 |
| Ancient of War | 2 | 300 | / | 120 |
| Hunter's Hall | 1 | 210 | / | 100 |
| Tree of Life | 1 | 340 | / | 185 |
| Ancient of Wonders | 1 | 90 | / | 30 |
| Ancient of Lore | 2 | 310 | / | 290 |
| Tree of Ages | 1 | 320 | / | 180 |
| Tree of Eternity | 1 | 330 | / | 200 |
| total: | 16 | 2735g | / | 1215w |
| 0:03 | Wisp |
| 0:03 | Wisp |
| 0:14 | Wisp |
| 0:18 | Altar of Elders |
| 0:34 | Moon Well |
| 0:37 | Wisp |
| 0:47 | Wisp |
| 0:56 | Ancient of War |
| 1:13 | Wisp |
| 1:23 | Moon Well |
| 1:29 | Wisp |
| 1:42 | Wisp |
| 2:01 | Wisp |
| 2:01 | Wisp |
| 2:12 | Moon Well |
| 2:19 | Wisp |
| 2:31 | Mana Burn |
| 2:40 | Wisp |
| 2:46 | Hunter's Hall |
| 2:53 | Wisp |
| 3:12 | Moon Well |
| 3:57 | Tree of Ages |
| 4:16 | Moon Well |
| 4:41 | Ultravision |
| 5:06 | Tree of Life |
| 5:13 | Ancient Protector |
| 5:17 | Ancient Protector |
| 5:25 | Archer |
| 5:28 | Evasion |
| 5:46 | Ancient Protector |
| 6:17 | Archer |
| 6:17 | Archer |
| 7:12 | Wisp |
| 7:13 | Wisp |
| 7:13 | Wisp |
| 7:13 | Wisp |
| 7:16 | Wisp |
| 8:14 | Entangling Roots |
| 8:50 | Wisp |
| 8:50 | Wisp |
| 8:50 | Wisp |
| 8:58 | Ancient of Lore |
| 9:04 | Ancient of Lore |
| 9:07 | Strength of the Wild |
| 9:08 | Reinforced Hides |
| 9:17 | Wisp |
| 9:17 | Wisp |
| 9:17 | Wisp |
| 9:22 | Ancient of Wonders |
| 9:41 | Tree of Eternity |
| 9:52 | Mana Burn |
| 9:59 | Archer |
| 9:59 | Archer |
| 10:16 | Abolish Magic |
| 10:20 | Improved Strength of the Wild |
| 10:23 | Dryad |
| 10:32 | Ancient of War |
| 10:38 | Scroll of Town Portal |
| 10:40 | Rod of Necromancy |
| 10:41 | Scroll of Healing |
| 10:46 | Scroll of Healing |
| 10:49 | Dust of Appearance |
| 10:57 | Dryad |
| 12:04 | Dryad |
| 12:29 | Dryad |
| 12:31 | Well Spring |
| 12:31 | Advanced Strength of the Wild |
| 13:04 | Improved Reinforced Hides |
| 13:12 | Nature's Blessing |
| 13:23 | Scroll of Town Portal |
| 13:24 | Orb of Venom |
| 13:38 | Potion of Healing |
| 13:52 | Dryad |
| Right click | 367 |
| Select | 197 |
| Select group | 150 |
| Build/train/purchase | 77 |
| Chat | 61 |
| Misc. action | 46 |
| Use ability | 37 |
| Assign group | 20 |
| Minimap ping | 5 |
| Item give/drop | 1 |
163 units @ 17.7k
/ 2.1k
70 buildings @ 11.6k
/ 5.5k


| Lesser Clarity Potion | 2 | 140 |
| Moonstone | 1 | 50 |
| Potion of Healing | 1 | 150 |
| Scroll of Town Portal | 6 | 2100 |
| Scroll of Speed | 1 | 50 |
| total: | 11 | 2490g |
| Wisp | 27 | 1620 | / | 0 |
| Archer | 11 | 1430 | / | 110 |
| Hippogryph | 7 | 1120 | / | 140 |
| Faerie Dragon | 2 | 310 | / | 50 |
| total: | 47 | 4480g | / | 300w |
| Altar of Elders | 1 | 180 | / | 50 |
| Moon Well | 5 | 900 | / | 200 |
| Ancient of War | 1 | 150 | / | 60 |
| Ancient of Wonders | 1 | 90 | / | 30 |
| Tree of Life | 1 | 340 | / | 185 |
| Hunter's Hall | 1 | 210 | / | 100 |
| Ancient of Wind | 3 | 450 | / | 420 |
| Tree of Ages | 1 | 320 | / | 180 |
| total: | 13 | 2320g | / | 1045w |
| 0:05 | Altar of Elders |
| 0:08 | Moon Well |
| 0:10 | Wisp |
| 0:27 | Ancient of War |
| 0:28 | Wisp |
| 0:40 | Wisp |
| 0:54 | Wisp |
| 0:55 | Wisp |
| 1:24 | Moon Well |
| 1:30 | Archer |
| 1:43 | Archer |
| 1:59 | Ancient of Wonders |
| 2:07 | Archer |
| 2:10 | Fan of Knives |
| 2:24 | Archer |
| 2:28 | Wisp |
| 2:45 | Moon Well |
| 3:20 | Blink |
| 3:26 | Wisp |
| 3:26 | Wisp |
| 3:27 | Archer |
| 3:35 | Lesser Clarity Potion |
| 3:35 | Lesser Clarity Potion |
| 3:35 | Moonstone |
| 3:57 | Wisp |
| 3:58 | Wisp |
| 4:13 | Tree of Life |
| 4:20 | Archer |
| 4:47 | Wisp |
| 4:47 | Wisp |
| 5:31 | Tree of Ages |
| 6:10 | Hunter's Hall |
| 6:16 | Moon Well |
| 6:26 | Wisp |
| 6:26 | Wisp |
| 6:26 | Wisp |
| 6:26 | Wisp |
| 6:27 | Wisp |
| 6:52 | Scroll of Town Portal |
| 7:42 | Scroll of Town Portal |
| 7:46 | Fan of Knives |
| 8:01 | Archer |
| 8:01 | Archer |
| 8:01 | Archer |
| 8:01 | Archer |
| 8:09 | Scroll of Town Portal |
| 8:28 | Silence |
| 8:44 | Improved Bows |
| 8:46 | Archer |
| 9:08 | Strength of the Moon |
| 9:08 | Moon Armor |
| 9:11 | Ancient of Wind |
| 9:13 | Ancient of Wind |
| 9:15 | Wisp |
| 9:15 | Wisp |
| 9:16 | Wisp |
| 9:16 | Wisp |
| 9:16 | Wisp |
| 9:16 | Wisp |
| 10:04 | Strength of the Wild |
| 10:04 | Reinforced Hides |
| 10:07 | Moon Well |
| 10:24 | Hippogryph |
| 10:26 | Faerie Dragon |
| 10:26 | Faerie Dragon |
| 11:09 | Wisp |
| 11:09 | Wisp |
| 11:14 | Wisp |
| 11:14 | Wisp |
| 12:04 | Black Arrow |
| 12:10 | Scroll of Town Portal |
| 12:10 | Scroll of Speed |
| 12:13 | Potion of Healing |
| 12:46 | Scroll of Town Portal |
| 12:49 | Hippogryph |
| 13:00 | Ancient of Wind |
| 13:02 | Improved Strength of the Moon |
| 13:02 | Improved Moon Armor |
| 13:43 | Hippogryph |
| 13:43 | Hippogryph |
| 13:57 | Blink |
| 14:15 | Black Arrow |
| 14:37 | Hippogryph |
| 14:43 | Hippogryph |
| 15:03 | Hippogryph |
| 16:30 | Scroll of Town Portal |
| 17:09 | Fan of Knives |
| 17:20 | Silence |
| Select group | 2037 |
| Right click | 1241 |
| Select | 332 |
| Chat | 223 |
| Build/train/purchase | 103 |
| Use ability | 25 |
| Assign group | 24 |
| Minimap ping | 14 |
| Resource trade | 5 |
| Item give/drop | 1 |


| Lesser Clarity Potion | 5 | 350 |
| Healing Salve | 2 | 200 |
| Scroll of Speed | 1 | 50 |
| Alleria's Flute of Accuracy | 1 | 400 |
| Gloves of Haste | 1 | 125 |
| total: | 10 | 1125g |
| Peon | 9 | 675 | / | 0 |
| Grunt | 2 | 400 | / | 0 |
| Shaman | 4 | 520 | / | 80 |
| Troll Witch Doctor | 5 | 725 | / | 125 |
| Kodo Beast | 1 | 255 | / | 60 |
| Troll Batrider | 9 | 1440 | / | 360 |
| Raider | 1 | 180 | / | 40 |
| total: | 31 | 4195g | / | 665w |
| Watch Tower | 10 | 1100 | / | 800 |
| Altar of Storms | 1 | 180 | / | 50 |
| Orc Burrow | 6 | 960 | / | 240 |
| Barracks | 1 | 180 | / | 50 |
| War Mill | 1 | 205 | / | 0 |
| Voodoo Lounge | 2 | 260 | / | 60 |
| Spirit Lodge | 2 | 300 | / | 300 |
| Beastiary | 2 | 290 | / | 280 |
| Stronghold | 1 | 315 | / | 190 |
| Fortress | 1 | 325 | / | 190 |
| total: | 25 | 3475g | / | 1780w |
| 0:02 | Peon |
| 0:02 | Peon |
| 0:02 | Peon |
| 0:21 | Altar of Storms |
| 0:34 | Orc Burrow |
| 0:47 | Peon |
| 0:50 | Barracks |
| 1:00 | Peon |
| 1:19 | Peon |
| 1:34 | Peon |
| 1:45 | War Mill |
| 1:51 | Peon |
| 1:55 | Grunt |
| 2:13 | Voodoo Lounge |
| 2:18 | Voodoo Lounge |
| 2:30 | Feral Spirit |
| 2:42 | Pillage |
| 2:46 | Stronghold |
| 3:17 | Orc Burrow |
| 3:24 | Watch Tower |
| 3:27 | Lesser Clarity Potion |
| 3:29 | Healing Salve |
| 4:14 | Grunt |
| 4:18 | Orc Burrow |
| 4:29 | Watch Tower |
| 4:32 | Watch Tower |
| 4:48 | Chain Lighting |
| 5:07 | Fortress |
| 6:15 | Spirit Lodge |
| 6:17 | Spirit Lodge |
| 6:23 | Beastiary |
| 6:26 | Lesser Clarity Potion |
| 6:38 | Lesser Clarity Potion |
| 7:03 | Reinforced Defenses |
| 7:07 | Lesser Clarity Potion |
| 7:07 | Healing Salve |
| 7:08 | Scroll of Speed |
| 7:27 | Serpent Ward |
| 8:19 | Witch Doctor Adept Training |
| 8:19 | Shaman Adept Training |
| 8:21 | Shaman |
| 8:22 | Troll Witch Doctor |
| 9:00 | War Drums Damage Increase |
| 9:00 | Kodo Beast |
| 9:05 | Lesser Clarity Potion |
| 9:32 | Witch Doctor Master Training |
| 9:51 | Orc Burrow |
| 10:25 | Shaman Master Training |
| 10:45 | Alleria's Flute of Accuracy |
| 10:46 | Gloves of Haste |
| 11:08 | Troll Batrider |
| 11:08 | Troll Batrider |
| 11:11 | Troll Witch Doctor |
| 11:32 | Chain Lighting |
| 11:37 | Hex |
| 12:05 | Shaman |
| 12:06 | Troll Witch Doctor |
| 12:07 | Troll Batrider |
| 12:11 | Orc Burrow |
| 12:30 | Troll Batrider |
| 13:11 | Raider |
| 13:13 | Troll Batrider |
| 13:13 | Troll Batrider |
| 14:29 | Troll Batrider |
| 14:29 | Troll Batrider |
| 14:29 | Troll Batrider |
| 14:58 | Feral Spirit |
| 15:22 | Watch Tower |
| 17:09 | Peon |
| 17:12 | Orc Burrow |
| 17:15 | Watch Tower |
| 17:15 | Watch Tower |
| 17:16 | Watch Tower |
| 17:17 | Watch Tower |
| 17:19 | Watch Tower |
| 17:20 | Watch Tower |
| 17:32 | Serpent Ward |
| 17:55 | Troll Witch Doctor |
| 17:55 | Troll Witch Doctor |
| 17:55 | Shaman |
| 17:55 | Shaman |
| 17:58 | Beastiary |
| Right click | 840 |
| Select | 446 |
| Select group | 406 |
| Misc. action | 139 |
| Build/train/purchase | 90 |
| Use ability | 71 |
| Assign group | 42 |
| Esc | 8 |
| Resource trade | 4 |
| Minimap ping | 2 |
| Item give/drop | 1 |

| Staff of Preservation | 1 | 150 |
| Potion of Mana | 3 | 600 |
| Potion of Healing | 3 | 450 |
| Scroll of Town Portal | 3 | 1050 |
| Scroll of Healing | 1 | 250 |
| Boots of Speed | 1 | 250 |
| Potion of Lesser Invulnerability | 1 | 150 |
| total: | 13 | 2900g |
| Wisp | 18 | 1080 | / | 0 |
| Archer | 13 | 1690 | / | 130 |
| Hippogryph | 11 | 1760 | / | 220 |
| total: | 42 | 4530g | / | 350w |
| Ancient Protector | 1 | 135 | / | 80 |
| Altar of Elders | 1 | 180 | / | 50 |
| Moon Well | 6 | 1080 | / | 240 |
| Ancient of War | 1 | 150 | / | 60 |
| Hunter's Hall | 1 | 210 | / | 100 |
| Ancient of Wonders | 1 | 90 | / | 30 |
| Tree of Life | 2 | 680 | / | 370 |
| Ancient of Wind | 1 | 150 | / | 140 |
| Chimaera Roost | 2 | 280 | / | 380 |
| Tree of Ages | 1 | 320 | / | 180 |
| Tree of Eternity | 1 | 330 | / | 200 |
| total: | 16 | 2955g | / | 1450w |
| 0:20 | Wisp |
| 0:20 | Wisp |
| 0:21 | Wisp |
| 0:37 | Altar of Elders |
| 0:51 | Moon Well |
| 1:04 | Ancient of War |
| 1:06 | Wisp |
| 1:06 | Wisp |
| 1:06 | Wisp |
| 1:07 | Wisp |
| 1:15 | Wisp |
| 2:12 | Archer |
| 2:24 | Tree of Ages |
| 2:37 | Archer |
| 2:45 | Force of Nature |
| 2:59 | Moon Well |
| 3:43 | Hunter's Hall |
| 3:50 | Ancient of Wonders |
| 3:57 | Archer |
| 3:57 | Archer |
| 4:33 | Entangling Roots |
| 4:57 | Ancient of Wind |
| 4:59 | Archer |
| 4:59 | Archer |
| 5:11 | Moon Well |
| 5:22 | Moon Well |
| 5:32 | Staff of Preservation |
| 5:40 | Wisp |
| 5:41 | Wisp |
| 7:02 | Hippogryph |
| 7:02 | Hippogryph |
| 7:02 | Hippogryph |
| 7:07 | Tree of Life |
| 7:27 | Hippogryph |
| 7:51 | Force of Nature |
| 8:47 | Scroll of Town Portal |
| 8:48 | Potion of Mana |
| 8:53 | Tree of Eternity |
| 9:34 | Scroll of Town Portal |
| 9:34 | Potion of Healing |
| 9:38 | Improved Bows |
| 9:46 | Hippogryph |
| 9:49 | Archer |
| 9:55 | Wisp |
| 10:27 | Archer |
| 10:28 | Hippogryph |
| 10:33 | Wisp |
| 10:33 | Wisp |
| 10:33 | Wisp |
| 12:08 | Scroll of Town Portal |
| 12:08 | Potion of Mana |
| 12:08 | Potion of Healing |
| 12:47 | Potion of Mana |
| 12:48 | Potion of Healing |
| 12:50 | Thorns Aura |
| 12:56 | Chimaera Roost |
| 12:57 | Chimaera Roost |
| 13:00 | Wisp |
| 13:00 | Wisp |
| 13:00 | Wisp |
| 13:01 | Wisp |
| 13:06 | Hippogryph |
| 13:06 | Hippogryph |
| 13:08 | Archer |
| 13:08 | Archer |
| 13:32 | Boots of Speed |
| 13:34 | Potion of Lesser Invulnerability |
| 13:42 | Scroll of Healing |
| 14:28 | Hippogryph |
| 14:28 | Hippogryph |
| 14:29 | Hippogryph |
| 14:31 | Archer |
| 14:31 | Archer |
| 14:31 | Archer |
| 15:13 | Strength of the Moon |
| 15:21 | Marksmanship |
| 15:24 | Moon Well |
| 15:27 | Moon Well |
| 16:48 | Force of Nature |
| 17:16 | Tranquility |
| 17:27 | Tree of Life |
| 17:43 | Ancient Protector |
| Right click | 484 |
| Select | 202 |
| Select group | 179 |
| Assign group | 135 |
| Build/train/purchase | 87 |
| Use ability | 42 |
| Misc. action | 19 |
| Minimap ping | 7 |
| Item give/drop | 2 |
| Remove unit | 2 |

| Moonstone | 1 | 50 |
| Scroll of Town Portal | 2 | 700 |
| Boots of Speed | 1 | 250 |
| Periapt of Vitality | 1 | 325 |
| Scourge Bone Chimes | 2 | 800 |
| total: | 7 | 2125g |
| Wisp | 30 | 1800 | / | 0 |
| Archer | 4 | 520 | / | 40 |
| Druid of the Claw | 8 | 2040 | / | 640 |
| Dryad | 1 | 145 | / | 60 |
| total: | 43 | 4505g | / | 740w |
| Altar of Elders | 1 | 180 | / | 50 |
| Moon Well | 8 | 1440 | / | 320 |
| Ancient of War | 1 | 150 | / | 60 |
| Tree of Life | 1 | 340 | / | 185 |
| Hunter's Hall | 1 | 210 | / | 100 |
| Ancient of Wonders | 1 | 90 | / | 30 |
| Ancient of Lore | 3 | 465 | / | 435 |
| Tree of Ages | 2 | 640 | / | 360 |
| Tree of Eternity | 2 | 660 | / | 400 |
| total: | 16 | 2875g | / | 1180w |
| 0:03 | Wisp |
| 0:03 | Wisp |
| 0:03 | Wisp |
| 0:06 | Altar of Elders |
| 0:18 | Moon Well |
| 0:34 | Ancient of War |
| 0:34 | Wisp |
| 0:35 | Wisp |
| 1:03 | Wisp |
| 1:12 | Wisp |
| 1:21 | Moon Well |
| 1:34 | Archer |
| 1:38 | Wisp |
| 1:46 | Archer |
| 1:46 | Archer |
| 1:52 | Wisp |
| 1:52 | Wisp |
| 2:12 | Immolation |
| 2:20 | Archer |
| 2:21 | Wisp |
| 2:21 | Wisp |
| 2:36 | Wisp |
| 2:36 | Wisp |
| 2:53 | Wisp |
| 3:02 | Tree of Life |
| 3:19 | Evasion |
| 3:32 | Tree of Ages |
| 4:10 | Hunter's Hall |
| 4:13 | Ancient of Wonders |
| 5:06 | Wisp |
| 5:06 | Wisp |
| 5:06 | Wisp |
| 5:06 | Wisp |
| 5:07 | Wisp |
| 5:21 | Strength of the Wild |
| 5:21 | Reinforced Hides |
| 5:53 | Wisp |
| 5:53 | Wisp |
| 5:53 | Wisp |
| 5:53 | Wisp |
| 5:55 | Ancient of Lore |
| 5:56 | Ancient of Lore |
| 6:10 | Tree of Eternity |
| 6:50 | Wisp |
| 6:50 | Wisp |
| 6:50 | Wisp |
| 6:50 | Wisp |
| 6:53 | Moon Well |
| 6:53 | Moon Well |
| 6:55 | Immolation |
| 7:09 | Moonstone |
| 7:13 | Druid of the Claw Adept Training |
| 7:14 | Druid of the Claw |
| 7:14 | Druid of the Claw |
| 7:39 | Boots of Speed |
| 7:39 | Periapt of Vitality |
| 7:46 | Druid of the Claw |
| 7:56 | Improved Strength of the Wild |
| 8:38 | Druid of the Claw |
| 8:44 | Druid of the Claw Master Training |
| 8:59 | Wisp |
| 8:59 | Wisp |
| 9:00 | Ancient of Lore |
| 9:02 | Moon Well |
| 9:03 | Improved Reinforced Hides |
| 9:03 | Advanced Reinforced Hides |
| 9:37 | Druid of the Claw |
| 9:58 | Mark of the Claw |
| 10:04 | Druid of the Claw |
| 10:12 | Moon Well |
| 10:26 | Scourge Bone Chimes |
| 10:26 | Scourge Bone Chimes |
| 10:43 | Advanced Strength of the Wild |
| 11:09 | Abolish Magic |
| 11:49 | Scroll of Town Portal |
| 11:56 | Druid of the Claw |
| 12:32 | Druid of the Claw |
| 13:00 | Moon Well |
| 13:17 | Evasion |
| 14:50 | Immolation |
| 15:53 | Dryad |
| 16:18 | Moon Well |
| 17:08 | Scroll of Town Portal |
| 17:15 | Metamorphosis |
| 18:25 | Evasion |
| Select group | 1295 |
| Right click | 689 |
| Select | 276 |
| Build/train/purchase | 127 |
| Misc. action | 110 |
| Assign group | 32 |
| Use ability | 24 |
| Minimap ping | 14 |
| Esc | 5 |
| Chat | 4 |
| Item give/drop | 2 |
⇛